ITL
INDIANA HOUNDS @ TRENTON STARS
06/13/2030
 
TOP OF THE 1ST
Indiana Hounds batting - Pitching for Trenton Stars : RHP Russ Brown
Pitching: RHP Russ Brown
Batting: RHB Henry Haines 0-0: Ball
1-0: Swinging Strike
1-1: Foul Ball, location: 2F
1-2: Strikes out looking
Batting: RHB Octávio Zúñiga 0-0: Foul Ball, location: 2F
0-1: Ball
1-1: Foul Ball, location: 2F
1-2: Strikes out looking
Batting: LHB Juan Vásquez 0-0: Swinging Strike
0-1: Ball
1-1: Ball
2-1: Swinging Strike
2-2: Ball
3-2: Fly out, F8 (Line Drive, 8RD)
Top of the 1st over - 0 runs, 0 hits, 0 errors, 0 left on base; Indiana 0 - Trenton 0
BOTTOM OF THE 1ST
Trenton Stars batting - Pitching for Indiana Hounds : RHP Bob Cunningham
Pitching: RHP Bob Cunningham
Batting: RHB Aurelio Cruz 0-0: Ball
1-0: Ball
2-0: Fly out, F8 (Flyball, 8RM)
Batting: LHB Gerardo Guzmán 0-0: Ball
1-0: Foul Ball, location: 2F
1-1: Ball
2-1: Ground out 6-3 (Groundball, 6)
Batting: RHB George Reeves 0-0: Ball
1-0: Foul Ball, location: 2F
1-1: Foul Ball, location: 2F
1-2: Strikes out looking
Bottom of the 1st over - 0 runs, 0 hits, 0 errors, 0 left on base; Indiana 0 - Trenton 0
TOP OF THE 2ND
Indiana Hounds batting - Pitching for Trenton Stars : RHP Russ Brown
Batting: RHB Roberto Cardona 0-0: Swinging Strike
0-1: Swinging Strike
0-2: Strikes out swinging
Batting: RHB Jeff Jones 0-0: Called Strike
0-1: Ball
1-1: Ball
2-1: Ball
3-1: Fly out, F7 (Flyball, 7S)
Batting: RHB Juan Jose Guevana 0-0: SINGLE (Line Drive, 6MD)
Batting: RHB Danny Walker 0-0: Called Strike
Throwing error on steal attempt, E2
Juan Jose Guevana to third
0-1: Called Strike
0-2: Ball
1-2: Ball
2-2: Strikes out swinging
Top of the 2nd over - 0 runs, 1 hit, 1 error, 1 left on base; Indiana 0 - Trenton 0
BOTTOM OF THE 2ND
Trenton Stars batting - Pitching for Indiana Hounds : RHP Bob Cunningham
Batting: LHB Wes Thompson 0-0: Ball
1-0: Fly out, F8 (Flyball, 8LXD)
Batting: LHB Pat Zimmerman 0-0: Ball
1-0: Foul Ball, location: 2F
1-1: Swinging Strike
1-2: Ball
2-2: Foul Ball, location: 2F
2-2: Foul Ball, location: 2F
2-2: Ground out 5-3 (Groundball, 5)
Batting: SHB António Enríquez 0-0: SOLO HOME RUN (Flyball, 9D), Distance : 368 ft
Batting: RHB Jorge Flores 0-0: Ground out 5-3 (Groundball, 56)
Bottom of the 2nd over - 1 run, 1 hit, 0 errors, 0 left on base; Indiana 0 - Trenton 1
TOP OF THE 3RD
Indiana Hounds batting - Pitching for Trenton Stars : RHP Russ Brown
Batting: RHB Anastasio Movonda 0-0: Ball
1-0: Ball
2-0: Ball
3-0: Called Strike
3-1: Called Strike
3-2: Foul Ball, location: 2F
3-2: Foul Ball, location: 2F
3-2: Foul Ball, location: 2F
3-2: Base on Balls
Batting: RHB Manuel Alonso 0-0: Ball
1-0: Ball
2-0: Foul Ball, location: 2F
2-1: Called Strike
2-2: Strikes out swinging
Batting: RHB Henry Haines 0-0: Foul Ball, location: 2F
0-1: Ball
1-1: Ball
Wild Pitch!
Anastasio Movonda to second
2-1: DOUBLE (Flyball, 9LD)
Anastasio Movonda scores
Batting: RHB Octávio Zúñiga 0-0: Ball
1-0: Ball
2-0: Called Strike
2-1: Ball
3-1: Base on Balls
Batting: LHB Juan Vásquez 0-0: DOUBLE (Line Drive, 8LXD)
Henry Haines scores
Octávio Zúñiga to third
Batting: RHB Roberto Cardona 0-0: Foul Ball, location: 2F
0-1: Ball
1-1: SINGLE (Popup, 5D)
Octávio Zúñiga scores
Juan Vásquez to third
Throwing error, E6
Juan Vásquez scores
Roberto Cardona to second
Batting: RHB Jeff Jones 0-0: Ball
1-0: Ball
Roberto Cardona steals 3rd base
2-0: Foul Ball, location: 2F
2-1: Ball
3-1: Foul Ball, location: 2F
3-2: Base on Balls
Batting: RHB Juan Jose Guevana 0-0: Swinging Strike
0-1: Ball
1-1: Grounds into double play, 4-6-3 (Groundball, 4D)
Top of the 3rd over - 4 runs, 3 hits, 1 error, 1 left on base; Indiana 4 - Trenton 1
BOTTOM OF THE 3RD
Trenton Stars batting - Pitching for Indiana Hounds : RHP Bob Cunningham
Batting: RHB Norris Howard 0-0: Ground out 6-3 (Groundball, 6)
Batting: SHB Ismael Sánchez 0-0: Swinging Strike
0-1: Called Strike
0-2: SINGLE (Groundball, 4D)
Batting: RHB Aurelio Cruz 0-0: Ball
Ismael Sánchez is caught stealing 2nd base
1-0: Ball
2-0: Ground out 3-1 (Groundball, 34)
Bottom of the 3rd over - 0 runs, 1 hit, 0 errors, 0 left on base; Indiana 4 - Trenton 1
TOP OF THE 4TH
Indiana Hounds batting - Pitching for Trenton Stars : RHP Russ Brown
Batting: RHB Danny Walker 0-0: Swinging Strike
0-1: Fly out, F9 (Flyball, 9LM)
Batting: RHB Anastasio Movonda 0-0: Swinging Strike
0-1: Ball
1-1: SINGLE (Line Drive, 4D)
Batting: RHB Manuel Alonso 0-0: Foul Ball, location: 2F
0-1: Called Strike
0-2: Ball
1-2: Ball
2-2: Strikes out looking
Batting: RHB Henry Haines 0-0: Called Strike
Anastasio Movonda steals 2nd base
0-1: Ball
1-1: Ball
2-1: Ball
3-1: Base on Balls
Batting: RHB Octávio Zúñiga 0-0: Ball
1-0: Foul Ball, location: 2F
1-1: Ball
2-1: Fly out, F9 (Line Drive, 9)
Top of the 4th over - 0 runs, 1 hit, 0 errors, 2 left on base; Indiana 4 - Trenton 1
BOTTOM OF THE 4TH
Trenton Stars batting - Pitching for Indiana Hounds : RHP Bob Cunningham
Batting: LHB Gerardo Guzmán 0-0: Called Strike
0-1: Ball
1-1: Ball
2-1: Ground out 6-3 (Groundball, 6MS)
Batting: RHB George Reeves 0-0: Called Strike
0-1: Fly out, F5 (Line Drive, 5S)
Batting: LHB Wes Thompson 0-0: Foul Ball, location: 2F
0-1: Foul Ball, location: 2F
0-2: Reached on error, E5 (Groundball, 56)
Batting: LHB Pat Zimmerman 0-0: Called Strike
0-1: Ball
1-1: Ball
2-1: Foul Ball, location: 2F
2-2: 2-RUN HOME RUN (Flyball, 9D), Distance : 347 ft
Batting: SHB António Enríquez 0-0: Called Strike
0-1: Ball
1-1: Called Strike
1-2: Strikes out swinging
Bottom of the 4th over - 2 runs, 1 hit, 1 error, 0 left on base; Indiana 4 - Trenton 3
TOP OF THE 5TH
Indiana Hounds batting - Pitching for Trenton Stars : RHP Russ Brown
Pitching: RHP Darrell Stanley
Batting: LHB Juan Vásquez 0-0: SINGLE (Groundball, 25) (infield hit)
Batting: RHB Roberto Cardona 0-0: Ball
1-0: Ball
2-0: Ball
3-0: Called Strike
3-1: Foul Ball, location: 2F
3-2: Fielders Choice at 2nd, 4-6 (Groundball, 4)
Batting: RHB Jeff Jones 0-0: Foul Ball, location: 2F
0-1: Foul Ball, location: 2F
0-2: Strikes out swinging
Batting: RHB Juan Jose Guevana 0-0: Ball
1-0: Called Strike
1-1: Swinging Strike
1-2: Foul Ball, location: 2F
1-2: Foul Ball, location: 2F
1-2: Ball
2-2: Foul Ball, location: 2F
2-2: Ball
Roberto Cardona steals 2nd base
3-2: Foul Ball, location: 2F
3-2: Strikes out looking
Top of the 5th over - 0 runs, 1 hit, 0 errors, 1 left on base; Indiana 4 - Trenton 3
BOTTOM OF THE 5TH
Trenton Stars batting - Pitching for Indiana Hounds : RHP Bob Cunningham
Batting: RHB Jorge Flores 0-0: Swinging Strike
0-1: Called Strike
0-2: Ball
1-2: Foul Ball, location: 2F
1-2: Ground out 4-3 (Groundball, 4M)
Pitching: RHP António Encarnación
Batting: RHB Norris Howard 0-0: Called Strike
0-1: Ball
1-1: Foul Ball, location: 2F
1-2: Foul Ball, location: 2F
1-2: Foul Ball, location: 2F
1-2: Strikes out looking
Batting: SHB Ismael Sánchez 0-0: Ball
1-0: Foul Ball, location: 2F
1-1: Foul Ball, location: 2F
1-2: Foul Ball, location: 2F
1-2: Ball
2-2: Foul Ball, location: 2F
2-2: Foul Ball, location: 2F
2-2: Ball
3-2: SINGLE (Groundball, 34D)
Batting: RHB Aurelio Cruz 0-0: Ball
1-0: Ball
2-0: Called Strike
2-1: SINGLE (Line Drive, 9S)
Ismael Sánchez to second
Runner from 2nd tries for 3rd, SAFE, no throw
Batting: LHB Gerardo Guzmán 0-0: Ball
1-0: Foul Ball, location: 2F
1-1: Called Strike
1-2: Strikes out swinging
Bottom of the 5th over - 0 runs, 2 hits, 0 errors, 2 left on base; Indiana 4 - Trenton 3
TOP OF THE 6TH
Indiana Hounds batting - Pitching for Trenton Stars : RHP Darrell Stanley
Batting: RHB Danny Walker 0-0: Ball
1-0: Ball
2-0: Swinging Strike
2-1: Ball
3-1: Called Strike
3-2: Base on Balls
Batting: RHB Anastasio Movonda 0-0: Ball
1-0: Ground out 3-1 (Groundball, 34S)
Danny Walker to second
Batting: RHB Manuel Alonso 0-0: Ball
1-0: Called Strike
1-1: Foul Ball, location: 2F
1-2: 2-RUN HOME RUN (Flyball, 7D), Distance : 385 ft
Pitching: RHP Fernando Silva
Batting: RHB Henry Haines 0-0: Ball
1-0: Ball
2-0: Called Strike
2-1: Ground out 1-3 (Groundball, 13)
Batting: RHB Octávio Zúñiga 0-0: SINGLE (Groundball, 4MD)
Batting: LHB Juan Vásquez 0-0: Ball
1-0: Ball
2-0: Called Strike
2-1: Ground out 4-3 (Groundball, 4)
Top of the 6th over - 2 runs, 2 hits, 0 errors, 1 left on base; Indiana 6 - Trenton 3
BOTTOM OF THE 6TH
Trenton Stars batting - Pitching for Indiana Hounds : RHP António Encarnación
Batting: RHB George Reeves 0-0: Foul Ball, location: 2F
0-1: SINGLE (Line Drive, 7S)
Batting: LHB Wes Thompson 0-0: Ball
George Reeves steals 2nd base
1-0: Ball
2-0: Called Strike
2-1: Foul Ball, location: 2F
2-2: SINGLE (Flyball, 89S)
George Reeves to third
Batting: LHB Pat Zimmerman 0-0: Called Strike
0-1: Fly out, F2 (Popup, 2RF)
Batting: SHB António Enríquez 0-0: Ball
1-0: Ball
2-0: Called Strike
2-1: Hit by Pitch
Wes Thompson to second
Batting: RHB Jorge Flores 0-0: Ball
1-0: Called Strike
1-1: Swinging Strike
1-2: SINGLE (Groundball, 56S) (infield hit)
George Reeves scores
Wes Thompson to third
António Enríquez to second
Batting: RHB Norris Howard 0-0: Ball
1-0: Ball
2-0: Ball
3-0: Called Strike
3-1: Grounds into double play, 6-4-3 (Groundball, 6)
Bottom of the 6th over - 1 run, 3 hits, 0 errors, 2 left on base; Indiana 6 - Trenton 4
TOP OF THE 7TH
Indiana Hounds batting - Pitching for Trenton Stars : RHP Fernando Silva
Batting: RHB Roberto Cardona 0-0: Fly out, F9 (Flyball, 9S)
Batting: RHB Jeff Jones 0-0: Swinging Strike
0-1: Ball
1-1: Swinging Strike
1-2: Strikes out looking
Batting: RHB Juan Jose Guevana 0-0: Ball
1-0: Foul Ball, location: 2F
1-1: Fly out, F6 (Popup, 56)
Top of the 7th over - 0 runs, 0 hits, 0 errors, 0 left on base; Indiana 6 - Trenton 4
BOTTOM OF THE 7TH
Trenton Stars batting - Pitching for Indiana Hounds : RHP António Encarnación
Batting: SHB Ismael Sánchez 0-0: Called Strike
0-1: Swinging Strike
0-2: Ball
1-2: Ball
2-2: Ground out 4-3 (Groundball, 4)
Batting: RHB Aurelio Cruz 0-0: Ball
1-0: Ball
2-0: Fly out, F3 (Line Drive, 3L)
Pitching: LHP Edwin King
Batting: LHB Gerardo Guzmán 0-0: Called Strike
0-1: Called Strike
0-2: Ball
1-2: Ball
2-2: Ball
3-2: Fly out, F8 (Flyball, 8RXD)
Bottom of the 7th over - 0 runs, 0 hits, 0 errors, 0 left on base; Indiana 6 - Trenton 4
TOP OF THE 8TH
Indiana Hounds batting - Pitching for Trenton Stars : RHP Fernando Silva
Batting: RHB Danny Walker 0-0: Foul Ball, location: 2F
0-1: Ball
1-1: Foul Ball, location: 2F
1-2: Strikes out swinging
Batting: RHB Anastasio Movonda 0-0: Swinging Strike
0-1: Ground out U3 (Groundball, 34S)
Batting: RHB Manuel Alonso 0-0: Swinging Strike
0-1: Ball
1-1: Called Strike
1-2: Foul Ball, location: 2F
1-2: Foul Ball, location: 2F
1-2: Ball
2-2: Strikes out swinging
Top of the 8th over - 0 runs, 0 hits, 0 errors, 0 left on base; Indiana 6 - Trenton 4
BOTTOM OF THE 8TH
Trenton Stars batting - Pitching for Indiana Hounds : LHP Edwin King
Pitching: LHP Ricardo Vargas
Batting: RHB George Reeves 0-0: Ball
1-0: Ball
2-0: SINGLE (Line Drive, 8RS)
Batting: LHB Wes Thompson 0-0: Ball
1-0: Ball
2-0: Fly out, F5 (Popup, 5L)
Batting: LHB Pat Zimmerman 0-0: Called Strike
0-1: Swinging Strike
0-2: Strikes out swinging
Batting: SHB António Enríquez 0-0: Ball
1-0: Swinging Strike
1-1: Fly out, F3 (Popup, 3F)
Bottom of the 8th over - 0 runs, 1 hit, 0 errors, 1 left on base; Indiana 6 - Trenton 4
TOP OF THE 9TH
Indiana Hounds batting - Pitching for Trenton Stars : RHP Fernando Silva
Batting: RHB Henry Haines 0-0: Swinging Strike
0-1: Swinging Strike
0-2: Strikes out looking
Batting: RHB Octávio Zúñiga 0-0: Fly out, F9 (Flyball, 9LD)
Pitching: LHP Enrico Lozano
Batting: LHB Juan Vásquez 0-0: Ball
1-0: SOLO HOME RUN (Flyball, 9D), Distance : 370 ft
Pitching: RHP Tomás Pagán
Batting: RHB Roberto Cardona 0-0: Ball
1-0: Called Strike
1-1: Called Strike
1-2: Hit by Pitch
Batting: RHB Jeff Jones 0-0: Ball
1-0: Ball
2-0: Ball
3-0: Base on Balls
Roberto Cardona to second
Batting: RHB Juan Jose Guevana 0-0: Foul Ball, location: 2F
0-1: Fly out, F7 (Flyball, 78M)
Top of the 9th over - 1 run, 1 hit, 0 errors, 2 left on base; Indiana 7 - Trenton 4
BOTTOM OF THE 9TH
Trenton Stars batting - Pitching for Indiana Hounds : LHP Ricardo Vargas
Batting: RHB Jorge Flores 0-0: Fly out, F2 (Popup, 23F)
Batting: RHB Norris Howard 0-0: Foul Ball, location: 2F
0-1: Called Strike
0-2: Ball
1-2: Strikes out swinging
Batting: SHB Ismael Sánchez 0-0: Ball
1-0: Ball
2-0: Foul Ball, location: 2F
2-1: Ground out 1-3 (Groundball, 13)
Bottom of the 9th over - 0 runs, 0 hits, 0 errors, 0 left on base; Indiana 7 - Trenton 4
Saturday, April 7th, 2018 - OOTP Baseball 18.8 Build 76